 Dungeon Crawl Stone Soup version 0.31-a0-640-g39d97e502b (webtiles) character file.

Game seed: 3305083478756984981

6 senseless the Ruffian (level 1, -1/15 HPs)
             Began as a Demonspawn Shapeshifter on Aug 28, 2023.
             Slain by a hobgoblin (2 damage)
             ... on level 1 of the Dungeon.
             The game lasted 00:00:23 (77 turns).

senseless the Ruffian (Demonspawn Shapeshifter)       Turns: 77, Time: 00:00:24

Health: -1/15      AC:  2    Str: 14    XL:     1   Next: 75%
Magic:  1/1        EV: 12    Int: 11    God:
Gold:   0          SH:  0    Dex: 12    Spells: 0/0 levels left

rFire   . .          .
                       - Unarmed
rCold   . . .        (no shield)
rNeg    . . .        a - +0 animal skin
rPois   .            (helmet currently unavailable)
rElec   .            (cloak currently unavailable)
rCorr   .            (gloves currently unavailable)
SInv    .            (boots currently unavailable)
Will    .....        (no amulet)
Stlth   +            (no ring)
HPRegen 0.22/turn    (no ring)
MPRegen 0.07/turn

%: no passive effects
@: beast-form
A: beast (slay +1)
a: Begin Untransformation


You were on level 1 of the Dungeon.
You were a hulking beast.
You visited 1 branch of the dungeon, and saw 1 of its levels.

Inventory:

Armour
 a - a +0 animal skin (worn)
Talismans
 c - a beast talisman (active)
 d - a flux talisman
Scrolls
 e - 3 scrolls of identify {unknown}
Potions
 b - 2 potions of lignification


   Skills:
 + Level 1.2 Fighting
 + Level 1.9 Dodging
 + Level 2.8 Unarmed Combat
 + Level 2.7 Shapeshifting


You couldn't memorise any spells.
You didn't know any spells.
Your spell library was empty.

Dungeon Overview and Level Annotations

Branches:
Dungeon (1/15)

Altars:


Message History

The hobgoblin hits you but does no damage.
The giant cockroach barely misses you.
You hit the giant cockroach.
The giant cockroach is heavily wounded.
The giant cockroach misses you. The kobold hits you with a +0 dagger.
The hobgoblin misses you.
The endoplasm jiggles.
The endoplasm hits you.
You hit the giant cockroach.
You kill the giant cockroach!
The endoplasm hits you. The kobold closely misses you.
The hobgoblin barely misses you.
You closely miss the kobold. You punch the kobold.
You kill the kobold!
The hobgoblin hits you. The endoplasm misses you.
You are too injured to fight recklessly!
You are too injured to fight recklessly!
You are too injured to fight recklessly!
You are too injured to fight recklessly!
You are too injured to fight recklessly!
You are too injured to fight recklessly!
You are too injured to fight recklessly!
You are too injured to fight recklessly!
You are too injured to fight recklessly!
You are too injured to fight recklessly!
You are too injured to fight recklessly!
You are too injured to fight recklessly!
You are too injured to fight recklessly!
You are too injured to fight recklessly!
You are too injured to fight recklessly!
You are too injured to fight recklessly!
You barely miss the hobgoblin. The hobgoblin hits you.
* * * LOW HITPOINT WARNING * * *
The endoplasm hits you but does no damage.
You hit the hobgoblin.
The hobgoblin is heavily wounded.
The endoplasm hits you.
* * * LOW HITPOINT WARNING * * *
The hobgoblin hits you.
You die...

~~~~~≈♣ #..#
~~~~~♣♣ ##.#
~~~~~♣ ##.##
~~~~~♣ #...#
≈≈♣♣≈~ #...# ♣♣
♣~. #...# ..# #
#####...#.###
....#...........#
......†h.........#
.##.#.)gJ.........
###.#.$.#.....
#.#...#.....
#...........
#.......#...
.....#..#
#.......#


You could see an endoplasm and a hobgoblin.

Vanquished Creatures
  A giant cockroach (D:1)
  A goblin (D:1)
  A hobgoblin (D:1)
  A kobold (D:1)
  A ball python (D:1)
5 creatures vanquished.

Notes
Turn   | Place    | Note
-------+----------+-------------------------------------------
     0 | D:1      | senseless the Demonspawn Shapeshifter began the quest for
                  | the Orb.
     0 | D:1      | Reached XP level 1. HP: 15/15 MP: 1/1
    77 | D:1      | Slain by a hobgoblin

Illustrated notes

Levels and vault maps discovered:
D:1:      reono_arrival_forest_river, layout_loops_cross, minmay_octomino_c4

Action                     || total
---------------------------++-------
  Melee: Unarmed           ||    15
         Punch             ||     1
 Armour: Animal skin       ||     4
  Dodge: Dodged            ||    14

Table legend: (Time is in decaauts)
 A = Elapsed time spent in this place.
 B = Non-inter-level travel time spent in this place.
 C = Inter-level travel time spent in this place.
 D = Time resting spent in this place.
 E = Time spent auto-exploring this place.
 F = Levels seen in this place.
 G = Mean time per level.
                   A        B        C        D        E       F      G
               +--------+--------+--------+--------+--------+-----+--------+
         Total |     79 |     79 |      0 |      0 |     51 |   1 |   79.0 |
       Dungeon |     79 |     79 |      0 |      0 |     51 |   1 |   79.0 |
               +--------+--------+--------+--------+--------+-----+--------+

Top non-repeatable levels by time:
     D:1: 79 daAuts
